 Dungeon Crawl Stone Soup version 0.27-a0-906-g0a00ce863d (webtiles) character file.

Game seed: 5024130332739324701

790 Lanoc the Digger (level 7, -2/59 HPs)
             Began as a Troll Earth Elementalist on Apr 7, 2021.
             Was a Priest of Nemelex Xobeh.
             Slain by a troll (5 damage)
             ... on level 5 of the Dungeon.
             The game lasted 00:06:14 (3626 turns).

Lanoc the Digger (Troll Earth Elementalist)         Turns: 3626, Time: 00:06:15

Health: -2/59      AC:  7    Str: 17    XL:     7   Next: 57%
Magic:  2/7        EV: 10    Int: 13    God:    Nemelex Xobeh [***...]
Gold:   240        SH:  0    Dex: 10    Spells: 5/8 levels left

rFire    . . .     SeeInvis .   (no weapon)
rCold    . . .     Faith    .   (no shield)
rNeg     . . .     Spirit   .   c - +0 robe
rPois    .         Reflect  .   (helmet restricted)
rElec    .         Harm     .   (no cloak)
rCorr    .         Rampage  .   (gloves unavailable)
Will     .....                  (boots unavailable)
Stlth    +.........             (no amulet)
HPRegen  1.19/turn              (no ring)
MPRegen  0.10/turn              (no ring)

@: hasted, very quick
A: large, unfitting armour, claws 3, regeneration 1, shaggy fur 2, tough skin 1,
iridescent scales 1, sense surroundings 1
a: Renounce Religion, Draw Escape, Draw Destruction, Draw Summoning, Triple Draw


You were on level 5 of the Dungeon.
You worshipped Nemelex Xobeh.
Nemelex Xobeh was most pleased with you.
You visited 1 branch of the dungeon, and saw 5 of its levels.

You collected 240 gold pieces.

Inventory:

Missiles
 b - 174 stones
Armour
 c - a +0 robe (worn)
Jewellery
 g - an amulet of magic regeneration
Wands
 m - a wand of iceblast (9)
 o - a wand of flame (23)
Scrolls
 d - 2 scrolls of teleportation {unknown}
 e - a scroll of silence {unknown}
 h - a scroll of noise {unknown}
 i - a scroll of torment {unknown}
 k - a scroll of enchant weapon {unknown}
 l - 2 scrolls of identify {unknown}
 p - a scroll of magic mapping {unknown}
Potions
 a - a potion of curing {unknown}
 f - a potion of lignification
 j - a potion of resistance {unknown}


   Skills:
 + Level 4.3 Dodging
 - Level 1.0 Stealth
 - Level 1.2 Spellcasting
 - Level 0.6 Transmutations
 * Level 6.9 Earth Magic


You had 5 spell levels left.
You knew the following spells:

 Your Spells              Type           Power      Damage    Failure   Level
a - Sandblast             Erth           36%        2d10      1%          1
b - Passwall              Tmut/Erth      8%         N/A       9%          2

Your spell library contained the following spells:

 Spells                   Type           Power      Damage    Failure   Level
 Stone Arrow              Conj/Erth      18%        3d8       21%         3
 Lee's Rapid Deconstruct  Erth           9%         3d8*      41%         5
 Petrify                  Tmut/Erth      10%        N/A       50%         4


Dungeon Overview and Level Annotations

Branches:
Dungeon (5/15)
 Temple: D:4-7

Altars:
Fedhas
Nemelex Xobeh
Okawaru
Yredelemnul
Zin


Innate Abilities, Weirdness & Mutations

You are too large for most types of armour.
You have claws for hands.
Your natural rate of healing is unusually fast.
You are covered in thick fur. (AC +2)
You have tough skin. (AC +1)
You are partially covered in iridescent scales. (AC +2)
You passively map a small area around you.


Message History

The blast of sand misses the troll.
Casting: Sandblast (safe; 1% risk of failure)
Confirm with . or Enter, or press ? or * to list all spells.
Aiming: Sandblast (safe; 1% risk of failure)
Press: ? - help, Shift-Dir - straight line, f/p - troll
Aim: a troll (21% to evade)
The blast of sand hits the troll!
The troll is moderately wounded.
The troll bites you but does no damage. The troll claws you but does no damage.
The troll claws you!
Casting: Sandblast (safe; 1% risk of failure)
Confirm with . or Enter, or press ? or * to list all spells.
Aiming: Sandblast (safe; 1% risk of failure)
Press: ? - help, Shift-Dir - straight line, f/p - troll
Aim: a troll (moderately wounded, 21% to evade)
The blast of sand hits the troll.
The troll is moderately wounded.
The troll bites you!
The troll claws you but does no damage. x2
Casting: Sandblast (safe; 1% risk of failure)
Confirm with . or Enter, or press ? or * to list all spells.
Aiming: Sandblast (safe; 1% risk of failure)
Press: ? - help, Shift-Dir - straight line, f/p - troll
Aim: a troll (moderately wounded, 21% to evade)
The blast of sand hits the troll!
The troll is severely wounded.
The troll bites you. The troll claws you! The troll claws you.
Casting: Sandblast (safe; 1% risk of failure)
Confirm with . or Enter, or press ? or * to list all spells.
Aiming: Sandblast (safe; 1% risk of failure)
Press: ? - help, Shift-Dir - straight line, f/p - troll
Aim: a troll (heavily wounded, 21% to evade)
The blast of sand hits the troll.
The troll is severely wounded.
The troll bites you!
* * * LOW HITPOINT WARNING * * *
The troll completely misses you. The troll claws you!
* * * LOW HITPOINT WARNING * * *
You feel yourself speed up. The troll misses you. The troll claws you.
You die...
Your body glows slightly and disappears.

###.#.##### #.# * #...#.#..##
#.......... ,... , ...#.#..##
#.#.......####.#########.........
.....................#...........
.................................
#................................
..........................#.#..##
#...............T................
#.###...........@...........#....
#.###.....#.#..#.#.###########.##
...............#...........>....#
#.#####...### .#.#........####..#
............#..#.#...... ,##.#..#
#..............#.#........#.....#
########...##..#.#........##.##.#
########...##..#.#........##.##.#
##.........##..#.#........#.....#


You could see a troll.

Vanquished Creatures
  An ice beast (D:5)
  An ogre (D:5)
  A necrophage (D:4)
  A phantom (D:4)
  A scorpion (D:4)
  2 hounds (D:5)
  An orc priest (D:5)
  A bullfrog skeleton (D:5)
  2 iguanas
  An orc wizard (D:5)
  A scorpion zombie (D:5)
  A hound zombie (D:5)
  A hound skeleton (D:5)
  3 gnolls (D:3)
  3 adders
  An adder skeleton (D:4)
  2 dart slugs (D:4)
  8 orcs
  5 endoplasms
  A giant cockroach (D:2)
  8 goblins
  8 hobgoblins
  10 jackals
  5 kobolds
  2 quokkas
  5 ball pythons
  5 bats
  A jackal skeleton (D:3)
  5 rats
87 creatures vanquished.

Notes
Turn   | Place    | Note
-------+----------+-------------------------------------------
     0 | D:1      | Lanoc the Troll Earth Elementalist began the quest for the
                  | Orb.
     0 | D:1      | Reached XP level 1. HP: 16/16 MP: 1/1
    72 | D:1      | Reached skill level 3 in Earth Magic
    73 | D:1      | Reached XP level 2. HP: 23/24 MP: 2/2
   155 | D:1      | Found a faded altar of an unknown god.
   166 | D:1      | Became a worshipper of Nemelex Xobeh the Trickster
   166 | D:1      | Reached * piety under Nemelex Xobeh
   361 | D:1      | Received a gift from Nemelex Xobeh
   590 | D:2      | Reached XP level 3. HP: 31/31 MP: 3/3
   729 | D:2      | You fall into a shaft and drop 1 floor!
   756 | D:3      | Found a glowing silver altar of Zin.
   881 | D:3      | Found an iron altar of Okawaru.
   958 | D:3      | Reached skill level 4 in Earth Magic
   958 | D:3      | Reached XP level 4. HP: 21/39 MP: 0/4
  1100 | D:3      | Reached ** piety under Nemelex Xobeh
  1116 | D:3      | Received a gift from Nemelex Xobeh
  1845 | D:4      | Found a basalt altar of Yredelemnul.
  1888 | D:4      | Found a blossoming altar of Fedhas.
  1947 | D:4      | Noticed a scorpion
  1979 | D:4      | Gained mutation: You are covered in thick fur. (AC +2)
                  | [potion of mutation]
  1979 | D:4      | Gained mutation: You passively map a small area around you.
                  | [potion of mutation]
  1979 | D:4      | Gained mutation: You are partially covered in iridescent
                  | scales. (AC +2) [potion of mutation]
  1984 | D:4      | Killed a scorpion
  1985 | D:4      | Reached XP level 5. HP: 5/45 MP: 0/5
  1988 | D:4      | Reached skill level 5 in Earth Magic
  2024 | D:4      | Learned a level 2 spell: Passwall
  2073 | D:4      | Noticed a phantom
  2090 | D:4      | Killed a phantom
  2091 | D:4      | Reached XP level 6. HP: 34/53 MP: 0/6
  2490 | D:5      | Entered Level 5 of the Dungeon
  2597 | D:5      | Reached skill level 6 in Earth Magic
  2651 | D:5      | Reached XP level 7. HP: 59/59 MP: 3/7
  2821 | D:5      | Reached *** piety under Nemelex Xobeh
  2869 | D:5      | Received a gift from Nemelex Xobeh
  3617 | D:5      | Noticed a troll
  3625 | D:5      | HP: 2/59 [troll (9)]
  3626 | D:5      | Slain by a troll

Illustrated notes

Levels and vault maps discovered:
D:1:      lightli_arrival_windingriver, layout_rooms, basic_ecumenical_altar,
          minmay_tromino_v2
D:2:      layout_basic
D:3:      layout_basic, general_overflow_altar, amcnicky_altar_gilded,
          glass_columns_a, st_stairs_14
D:4:      layout_rooms, nicolae_overflow_crystal_walls, fedhas_altar_fruit_tree,
          minmay_tree_intersection, kennysheep_generic_room_16
D:5:      layout_basic, corexii_hall_statues_l, bh_walls_and_bars

Skill      XL: |  1  2  3  4  5  6  7 |
---------------+----------------------+-----
Earth Magic    | 3 4 5 6 |  6.9
Dodging        | 2 3 4 |  4.3
Stealth        | |  1.0
Spellcasting   | |  1.2
Transmutations | |  0.6

Action                   |  1- 3 |  4- 6 |  7- 9 || total
-------------------------+-------+-------+-------++-------
Melee: Unarmed           |   138 |    95 |    29 ||   262
 Cast: Sandblast         |     5 |    43 |    45 ||    93
  Use: Potion            |       |     4 |     1 ||     5
       Scroll            |       |     1 |       ||     1
 Stab: Sleeping          |     1 |     2 |       ||     3
Armor: Robe              |    65 |    28 |    25 ||   118
       Skin              |       |     2 |       ||     2
Dodge: Dodged            |    94 |    59 |    29 ||   182

Table legend: (Time is in decaauts)
 A = Elapsed time spent in this place.
 B = Non-inter-level travel time spent in this place.
 C = Inter-level travel time spent in this place.
 D = Time resting spent in this place.
 E = Time spent auto-exploring this place.
 F = Levels seen in this place.
 G = Mean time per level.
                   A        B        C        D        E       F      G
               +--------+--------+--------+--------+--------+-----+--------+
         Total |   3608 |   3521 |     87 |     21 |   2769 |   5 |  721.6 |
       Dungeon |   3608 |   3521 |     87 |     21 |   2769 |   5 |  721.6 |
               +--------+--------+--------+--------+--------+-----+--------+

Top non-repeatable levels by time:
     D:5: 1135 daAuts
     D:3: 935 daAuts
     D:4: 806 daAuts
     D:1: 476 daAuts
     D:2: 253 daAuts
